 Adventure DCSS version bcrawl-1.27.3 (webtiles) character file.

Game seed: 12127405201647869838

153610 galech the Shield-Bearer (level 4, 35/35 HPs)
             Began as a Demonspawn Fighter on July 31, 2020.
             Quit the game on level 3 of the Dungeon.
             The game lasted 00:02:37 (1979 turns).

galech the Shield-Bearer (Demonspawn Fighter)       Turns: 1979, Time: 00:02:38

Health: 35/35      AC: 16    Str: 17    XL:     4   Next: 89%
Magic:  4/4        EV:  1    Int:  9    God:
Gold:   205        SH:  9    Dex: 10    Spells: 3/3 levels left
                                        Lives:  1   Deaths: 1

rFire    . . .     SeeInvis .   a - +0 war axe
rCold    . . .     Gourm    .   c - +0 medium shield
rNeg     . . .     Faith    .   r - +0 plate armour
rPois    +         Spirit   +   (no helmet)
rElec    +         Reflect  .   (no cloak)
rCorr    .         Harm     .   l - +0 pair of gloves (curse)
MR       .....                  (no boots)
Stlth    ..........             (no amulet)
HPRegen  0.11/turn              q - +4 ring of protection (curse)
MPRegen  0.18/turn              v - ring of Teuroone {rElec rPois Dex-3 Stlth--}

@: no status effects
A: spiny 1, magic shield, magic regeneration
a: no special abilities


You were on level 3 of the Dungeon.
You were not hungry.

You visited 1 branch of the dungeon, and saw 3 of its levels.

You collected 205 gold pieces.

Inventory:

Hand Weapons
 a - a +0 war axe (weapon)
Missiles
 t - a throwing net {=f}
Armour
 b - a +0 scale mail
 c - a +0 medium shield (worn)
 l - a cursed +0 pair of gloves (worn)
 r - a +0 plate armour (worn)
Jewellery
 q - a cursed +4 ring of protection (left hand)
 v - the ring of Teuroone (right hand) {rElec rPois Dex-3 Stlth--}
   (You took it off an orc on level 3 of the Dungeon)

   [ring of attention]

   It affects your dexterity (-3).
   It insulates you from electricity.
   It protects you from poison.
   It makes you much less stealthy.
 w - an uncursed amulet of the gourmand
Wands
 f - a wand of random effects (5)
Scrolls
 g - a scroll of immolation {unknown}
 j - 4 scrolls of remove curse {unknown}
 k - a scroll of blinking {unknown}
 m - a scroll of fog {unknown}
 n - 3 scrolls of identify
 s - 2 scrolls of teleportation {unknown}
Potions
 h - 2 potions of magic {unknown}
 i - 3 potions of curing {unknown}
 o - a potion of flight {unknown}
 p - a potion of agility {unknown}
Comestibles
 e - 7 rations {!d}
 u - 3 chunks of flesh


   Skills:
 + Level 3.5 Fighting
 + Level 3.7 Axes
 + Level 3.6 Armour
 + Level 0.2 Dodging
 + Level 3.9 Shields


You had 3 spell levels left.
You didn't know any spells.
Your spell library was empty.

Dungeon Overview and Level Annotations

Branches:
Dungeon (3/12)

Altars:
Elyvilon
Makhleb
Qazlal


Innate Abilities, Weirdness & Mutations

You are partially covered in sharp spines.
When hurt, damage is shared between your health and your magic reserves.
You regenerate magic rapidly.


Message History

An ogre comes into view. It is wielding a +0 giant club.
An ogre is nearby!
The ogre shouts!
You feel very mighty all of a sudden. You block the ogre's attack.
You slash the ogre!
The ogre is heavily wounded.
The ogre hits you with a +0 giant club!
You hit the ogre.
The ogre is severely wounded.
The ogre is struck by your spines. The ogre hits you with a +0 giant club!
* * * LOW HITPOINT WARNING * * *
You slash the ogre!
The ogre is almost dead.
The ogre hits you with a +0 giant club!
You die...
Xom reaches out...
You are now level 4!
You rejoin the land of the living...
Are you sure you want to abandon this character and quit the game? (Confirm with "yes".)

# #...# #.###.###
#>....## ####.))#
#.#.######## #
#.#†........
#.####
#.#.#######.
#....# #.#)# ##
#@#####.#)#######
#.##......).....##
#.##.##.#........#
#.# #.#.#####..#
#.# #.#..####.>.
#.# #..)........
#.# #..))####...
#.# #..).##.....
#...........


There were no monsters in sight!

Vanquished Creatures
  A howler monkey (D:3)
  An orc priest (D:3)
  6 gnolls (D:3)
  4 adders
  2 oozes (D:3)
  2 dart slugs
  6 leopard geckos
  7 orcs (D:3)
  2 giant cockroaches
  2 goblins
  7 hobgoblins
  7 jackals (D:3)
  3 quokkas
  3 bats
  2 frilled lizards (D:1)
  8 kobolds
  5 rats
68 creatures vanquished.

Notes
Turn   | Place    | Note
-------+----------+-------------------------------------------
     0 | D:1      | galech the Demonspawn Fighter began the quest for the Orb.
     0 | D:1      | Reached XP level 1. HP: 18/18 MP: 1/1
   235 | D:1      | Gained mutation: When hurt, damage is shared between your
                  | health and your magic reserves. [demonic ancestry]
   235 | D:1      | Reached XP level 2. HP: 23/24 MP: 2/2
   792 | D:2      | Found a stormy altar of Qazlal.
   847 | D:2      | Gained mutation: You regenerate magic rapidly. [demonic
                  | ancestry]
   847 | D:2      | Reached XP level 3. HP: 13/29 MP: 3/3
  1010 | D:2      | Found a white marble altar of Elyvilon.
  1344 | D:2      | Found a burning altar of Makhleb.
  1680 | D:3      | Gained mutation: You are partially covered in sharp spines.
                  | [demonic ancestry]
  1680 | D:3      | Reached XP level 4. HP: 29/35 MP: 4/4
  1752 | D:3      | Reached XP level 5. HP: 25/41 MP: 5/5
  1918 | D:3      | Identified the ring of Teuroone {rElec rPois Dex-3 Stlth--}
  1972 | D:3      | Noticed an ogre
  1978 | D:3      | Slain by an ogre
  1979 | D:3      | Reached XP level 4. HP: -5/35 MP: 0/4
  1979 | D:3      | Quit the game

Skill      XL: |  1  2  3  4 |
---------------+-------------+-----
Shields        | 3 |  3.9
Axes           | 2 3 |  3.7
Armour         | 3 |  3.6
Fighting       | |  3.5
Dodging        | |  0.2

Action                   |  1- 3 |  4- 6 || total
-------------------------+-------+-------++-------
Melee: War axe           |   190 |    73 ||   263
  Use: Potion            |       |     1 ||     1
  Eat: Chunk             |     9 |     5 ||    14
Armor: Scale mail        |    43 |       ||    43
       Plate armour      |   143 |    59 ||   202
Dodge: Dodged            |     9 |     5 ||    14
Block: Medium shield     |   102 |    47 ||   149
